[Event "ICC tourney 2399 (75 10)"]
[Site "Internet Chess Club"]
[Date "2021.02.20"]
[Round "1"]
[White "sriramk"]
[Black "mhebden"]
[Result "0-1"]
[ICCResult "White resigns"]
[WhiteElo "2172"]
[BlackElo "2503"]
[Opening "Scotch: Mieses variation"]
[ECO "C45"]
[NIC "SO.04"]
[Time "11:04:30"]
[PlyCount "124"]
[TimeControl "4500+10"]

1. e4 e5 2. Nf3 Nc6 3. d4 exd4 4. Nxd4 Nf6 5. Nxc6 bxc6 6. e5 Qe7 7. Qe2
Nd5 8. h4 Qe6 9. g3 d6 10. c4 Nb6 11. exd6 Bxd6 12. Be3 O-O 13. Nd2 Re8 14.
Bh3 Qe5 15. Bxc8 Raxc8 16. O-O Qxb2 17. Qf3 c5 18. Rfd1 Qe5 19. Rac1 Qe6
20. Nb3 Nxc4 21. Bxc5 Ne5 22. Qd5 Qg4 23. Bxd6 cxd6 24. Rxc8 Rxc8 25. Kg2
h6 26. Rd4 Qe2 27. Rd2 Qc4 28. Qxc4 Nxc4 29. Rd4 Kf8 30. Nd2 Nxd2 31. Rxd2
Rc6 32. Kf3 Ke7 33. Re2+ Kd7 34. h5 Rc4 35. g4 Ra4 36. Kg3 d5 37. f4 Ra3+
38. Kf2 Kd6 39. Rd2 a5 40. Kg2 a4 41. g5 Rc3 42. Rb2 a3 43. Rb6+ Ke7 44.
gxh6 gxh6 45. Rxh6 Rc2+ 46. Kg3 d4 47. Ra6 d3 48. Ra7+ Kf6 49. h6 d2 50.
Ra6+ Ke7 51. Ra7+ Kd6 52. Ra8 Kc7 53. Ra7+ Kc6 54. Ra6+ Kc5 55. Ra5+ Kc4
56. Ra4+ Kd3 57. Rxa3+ Ke2 58. h7 d1=Q 59. h8=Q Qg1+ 60. Kh4 Qh2+ 61. Rh3
Qxf4+ 62. Kh5 Rc5+ { White resigns } 0-1

[Event "ICC tourney 2399 (75 10)"]
[Site "Internet Chess Club"]
[Date "2021.02.20"]
[Round "1"]
[White "TjkTiger"]
[Black "creepycrawlies"]
[Result "1-0"]
[ICCResult "Black resigns"]
[WhiteElo "2605"]
[BlackElo "2201"]
[Opening "English: four knights, Nimzovich variation"]
[ECO "A28"]
[NIC "EO.09"]
[Time "11:05:11"]
[PlyCount "81"]
[TimeControl "4500+10"]

1. c4 Nf6 2. Nc3 e5 3. Nf3 Nc6 4. e4 Bc5 5. Nxe5 Nxe5 6. d4 Bb4 7. dxe5
Nxe4 8. Qf3 Nxc3 9. bxc3 Be7 10. Qg3 g6 11. Bh6 Bf8 12. Bf4 Bg7 13. Bd3 d6
14. O-O dxe5 15. Bxe5 O-O 16. Bxc7 Qf6 17. Be4 Re8 18. Bd5 Qxc3 19. Qxc3
Bxc3 20. Rac1 Bd4 21. Rfe1 Rxe1+ 22. Rxe1 Be6 23. Bxb7 Re8 24. Bd6 Rd8 25.
c5 Bxa2 26. c6 Bb6 27. c7 Bxc7 28. Bxc7 Rd7 29. Rc1 Bc4 30. Bc6 Rxc7 31.
Rxc4 a5 32. f3 Kg7 33. Kf2 Kf6 34. Ke3 Ke7 35. Kd4 Kd6 36. Bb5 Rb7 37. Rc6+
Ke7 38. Rc5 Rb6 39. Bd3 a4 40. Rc7+ Ke8 41. Rc2 { Black resigns } 1-0

[Event "ICC tourney 2399 (75 10)"]
[Site "Internet Chess Club"]
[Date "2021.02.20"]
[Round "1"]
[White "Aleksandrov73"]
[Black "jy2020"]
[Result "1-0"]
[ICCResult "Black resigns"]
[WhiteElo "2629"]
[BlackElo "2236"]
[Opening "Nimzo-Indian: 4.e3 O-O"]
[ECO "E46"]
[NIC "NI.11"]
[Time "11:04:29"]
[PlyCount "141"]
[TimeControl "4500+10"]

1. d4 Nf6 2. c4 e6 3. Nc3 Bb4 4. e3 O-O 5. Bd2 d5 6. Nf3 b6 7. Rc1 Bb7 8.
cxd5 exd5 9. Bd3 Nbd7 10. O-O Re8 11. Nb5 Bd6 12. Nxd6 cxd6 13. Bb4 Ne4 14.
Ne1 Nf8 15. Bb5 Re7 16. Nd3 Rc7 17. Rxc7 Qxc7 18. Qe2 Qd8 19. f3 Nf6 20.
Rc1 Ne6 21. Be1 Rc8 22. Qd2 Rc7 23. h3 Qc8 24. Bg3 a6 25. Ba4 Rxc1+ 26.
Nxc1 Qc7 27. Ne2 b5 28. Bb3 a5 29. a3 Qb6 30. Bc2 Kf8 31. Be1 a4 32. Qb4
Qc6 33. Nc3 Nc7 34. Bd3 Ba6 35. e4 Ke8 36. Bg3 Kd7 37. e5 Nfe8 38. Bxh7 Qc4
39. Bf5+ Kc6 40. Qxc4+ bxc4 41. Bc2 Bb5 42. exd6 Nxd6 43. Nxa4 Ne6 44. Bf2
Bxa4 45. Bxa4+ Nb5 46. Be3 Kb6 47. f4 Ka5 48. Bxb5 Kxb5 49. f5 Nc7 50. f6
g6 51. h4 Ne6 52. g4 Ka4 53. h5 gxh5 54. gxh5 Kb3 55. Kf2 Nf8 56. Kf3 Nh7
57. Kf4 Nxf6 58. h6 Nh7 59. Ke5 c3 60. bxc3 Kxc3 61. Kxd5 Kb3 62. Bc1 Kc3
63. Kc5 Kc2 64. Be3 Kd3 65. Bc1 Kc2 66. Bf4 Kd3 67. a4 Ke4 68. Bc1 f5 69.
a5 f4 70. Bxf4 Kxf4 71. a6 { Black resigns } 1-0

[Event "ICC tourney 2399 (75 10)"]
[Site "Internet Chess Club"]
[Date "2021.02.20"]
[Round "1"]
[White "PawnEatingZombi"]
[Black "Openyagami"]
[Result "1-0"]
[ICCResult "Black checkmated"]
[WhiteElo "2200"]
[BlackElo "2601"]
[Opening "King's Indian: Semi-Averbakh system"]
[ECO "E73"]
[NIC "KI.32"]
[Time "11:04:46"]
[PlyCount "121"]
[TimeControl "4500+10"]

1. d4 Nf6 2. c4 g6 3. Nc3 Bg7 4. e4 O-O 5. Be2 d6 6. Be3 e5 7. d5 a5 8. g4
Na6 9. h4 Nc5 10. f3 h5 11. g5 Nh7 12. Qd2 a4 13. O-O-O f6 14. gxf6 Rxf6
15. Nh3 Bxh3 16. Rxh3 Rf4 17. Rg1 Nf8 18. Nb5 Qd7 19. Rhh1 Qf7 20. Rg3 Kh7
21. Kb1 Re8 22. Bd1 Re7 23. Qe2 Qf6 24. Rgh3 Rf7 25. Bxc5 dxc5 26. Bxa4 Qd8
27. Nc3 Bf6 28. Qe1 Be7 29. Bd1 R7f6 30. a3 c6 31. Be2 Rf7 32. Ka2 Bf6 33.
Qg3 Rg7 34. R3h2 Be7 35. Rh3 Kh6 36. Qh2 Qe8 37. Kb1 g5 38. hxg5+ Rxg5 39.
Nd1 cxd5 40. cxd5 Qg6 41. Ne3 Nd7 42. Ka1 Nf6 43. Bd3 Bf8 44. Nf5+ Kh7 45.
Nh4 Qg8 46. Qc2 Rg1+ 47. Ka2 Rxh1 48. Rxh1 Qg3 49. Qh2 Qxh2 50. Rxh2 Bh6
51. Rh3 Ne8 52. Nf5 Kg6 53. d6 Bg5 54. Rg3 Nf6 55. Bb5 h4 56. Rg1 Kh5 57.
d7 Nxd7 58. Bxd7 Rxf3 59. Ng7+ Kh6 60. Nf5+ Kh5 61. Be8# { Black checkmated
} 1-0

[Event "ICC tourney 2399 (75 10)"]
[Site "Internet Chess Club"]
[Date "2021.02.20"]
[Round "1"]
[White "wolverine54"]
[Black "BlueJay01"]
[Result "1-0"]
[ICCResult "Black resigns"]
[WhiteElo "2313"]
[BlackElo "2100"]
[Opening "Vienna gambit"]
[ECO "C29"]
[NIC "VG.03"]
[Time "11:04:32"]
[PlyCount "55"]
[TimeControl "4500+10"]

1. e4 e5 2. Nc3 Nf6 3. f4 d5 4. fxe5 Nxe4 5. d3 Nxc3 6. bxc3 d4 7. Nf3 c5
8. Be2 Nc6 9. O-O Be7 10. Qe1 O-O 11. Rb1 f6 12. cxd4 cxd4 13. Qg3 fxe5 14.
Nxe5 Rxf1+ 15. Kxf1 Bf6 16. Nxc6 bxc6 17. Bf3 Be6 18. a3 Rc8 19. Rb7 a5 20.
Bf4 c5 21. Be5 Qf8 22. Bd6 Qe8 23. Qe1 a4 24. Re7 Bxe7 25. Qxe6+ Kh8 26.
Qxe7 Qb5 27. Qb7 Qe8 28. Be5 { Black resigns } 1-0

[Event "ICC tourney 2399 (75 10)"]
[Site "Internet Chess Club"]
[Date "2021.02.20"]
[Round "1"]
[White "ChessKidA8"]
[Black "Volkov"]
[Result "0-1"]
[ICCResult "White resigns"]
[WhiteElo "2207"]
[BlackElo "2607"]
[Opening "French: Tarrasch, closed variation, main line"]
[ECO "C06"]
[NIC "FR.17"]
[Time "11:04:29"]
[PlyCount "78"]
[TimeControl "4500+10"]

1. e4 e6 2. d4 d5 3. Nd2 Nf6 4. e5 Nfd7 5. Bd3 c5 6. c3 Nc6 7. Ne2 cxd4 8.
cxd4 f6 9. exf6 Nxf6 10. Nf3 Bd6 11. O-O O-O 12. Bf4 Bxf4 13. Nxf4 Ng4 14.
g3 g5 15. Ng2 Qf6 16. Be2 Nh6 17. Qd2 Nf7 18. Ne3 h5 19. Ne5 Nxd4 20. f4
gxf4 21. Nxf7 fxe3 22. Rxf6 exd2 23. Bxh5 Bd7 24. Raf1 Nf5 25. g4 Kg7 26.
Rg6+ Kxf7 27. gxf5 exf5 28. Rg2+ Kf6 29. Rxd2 Rg8+ 30. Kh1 Bb5 31. Re1 Bc6
32. Bf3 Rae8 33. Red1 Re5 34. Rd4 Re4 35. R4d2 d4 36. Rf1 Re1 37. Rf2 Rxf1+
38. Rxf1 Bxf3+ 39. Rxf3 Ke5 { White resigns } 0-1

[Event "ICC tourney 2399 (75 10)"]
[Site "Internet Chess Club"]
[Date "2021.02.20"]
[Round "1"]
[White "josuevm"]
[Black "DonaldJ"]
[Result "1-0"]
[ICCResult "Black checkmated"]
[WhiteElo "2272"]
[BlackElo "2071"]
[Opening "Sicilian: Najdorf, Opocensky variation"]
[ECO "B92"]
[NIC "SI.10"]
[Time "11:04:33"]
[PlyCount "67"]
[TimeControl "4500+10"]

1. e4 c5 2. Nf3 d6 3. d4 cxd4 4. Nxd4 Nf6 5. Nc3 a6 6. Be2 e5 7. Nf5 Bxf5
8. exf5 d5 9. Bg5 d4 10. Bxf6 gxf6 11. Ne4 Bb4+ 12. c3 dxc3 13. Qa4+ Nc6
14. bxc3 Be7 15. O-O Qd7 16. Rfd1 Qxf5 17. Bg4 Qg6 18. Bd7+ Kf8 19. Ng3 h5
20. Qb3 Nd8 21. Qd5 Kg8 22. h4 Bf8 23. Rd3 Ne6 24. Bxe6 fxe6 25. Qxe6+ Qf7
26. Qf5 Rh7 27. Ne4 Rh6 28. Rg3+ Kh8 29. Rd1 Qxa2 30. Rd7 Qb1+ 31. Kh2 Qc1
32. Nxf6 Be7 33. Rxe7 Rxf6 34. Rh7# { Black checkmated } 1-0

[Event "ICC tourney 2399 (75 10)"]
[Site "Internet Chess Club"]
[Date "2021.02.20"]
[Round "1"]
[White "eigenator"]
[Black "Ambuli123"]
[Result "0-1"]
[ICCResult "White resigns"]
[WhiteElo "2368"]
[BlackElo "2169"]
[Opening "Sicilian defense"]
[ECO "B40"]
[NIC "SI.43"]
[Time "11:04:27"]
[PlyCount "134"]
[TimeControl "4500+10"]

1. e4 c5 2. Nf3 e6 3. c3 Nf6 4. e5 Nd5 5. Na3 d6 6. Nc4 Nc6 7. exd6 Bxd6 8.
d4 O-O 9. Nxd6 Qxd6 10. dxc5 Qxc5 11. Qc2 e5 12. Ng5 Nf6 13. Be3 Qe7 14.
Bc4 h6 15. Ne4 Nxe4 16. Qxe4 Be6 17. O-O f5 18. Bxe6+ Qxe6 19. Qc2 Rad8 20.
Qb3 Qxb3 21. axb3 b6 22. b4 Rf7 23. Rfd1 Rfd7 24. Rxd7 Rxd7 25. Re1 f4 26.
Bc1 Kf7 27. b5 Na5 28. Kf1 Rd5 29. Ke2 Rxb5 30. Rd1 Nb3 31. Bd2 Rd5 32. Be1
Rxd1 33. Kxd1 Ke6 34. Kc2 Nc5 35. b4 Nb7 36. Kd3 b5 37. c4 a6 38. f3 Nd6
39. c5 Ne8 40. Bc3 Kd5 41. Bb2 Nc7 42. Bc3 Ne6 43. c6 g6 44. g3 fxg3 45.
hxg3 Kxc6 46. Bxe5 Kd5 47. Bc3 h5 48. Bf6 Nc7 49. Bc3 Ne8 50. Bd2 Nd6 51.
Bf4 Nf5 52. Bc7 Nd4 53. Ke3 Nc2+ 54. Kf4 Nxb4 55. Kg5 Nc6 56. Kxg6 b4 57.
Bf4 b3 58. Bc1 Ne5+ 59. Kxh5 Nxf3 60. Kg4 Ke4 61. Bb2 a5 62. Kh3 a4 63. Kg2
Ne1+ 64. Kf1 Nd3 65. Ba3 b2 66. Bxb2 Nxb2 67. g4 a3 { White resigns } 0-1

[Event "ICC tourney 2399 (75 10)"]
[Site "Internet Chess Club"]
[Date "2021.02.20"]
[Round "1"]
[White "savchess06"]
[Black "e4f5"]
[Result "1-0"]
[ICCResult "Black resigns"]
[WhiteElo "2096"]
[BlackElo "2293"]
[Opening "Sicilian: Richter-Rauzer, Rauzer attack"]
[ECO "B63"]
[NIC "SI.27"]
[Time "11:04:39"]
[PlyCount "91"]
[TimeControl "4500+10"]

1. e4 c5 2. Nf3 d6 3. d4 cxd4 4. Nxd4 Nf6 5. Nc3 Nc6 6. Bg5 e6 7. Qd2 Qb6
8. O-O-O Qxd4 9. Qxd4 Nxd4 10. Rxd4 a6 11. f3 Bd7 12. Rd1 b5 13. a3 Bc6 14.
Ne2 Rc8 15. Nd4 Bb7 16. Be2 d5 17. e5 Nd7 18. Bf4 Be7 19. Bg3 Nb8 20. Kb1
Nc6 21. Nxc6 Bxc6 22. b4 O-O 23. c3 Bd8 24. Bf2 f6 25. Bc5 Rf7 26. f4 fxe5
27. fxe5 Bc7 28. Bd4 Rcf8 29. Rhf1 Be8 30. a4 Bb8 31. Rxf7 Rxf7 32. Rf1 Rb7
33. axb5 Bxb5 34. Bxb5 axb5 35. Kc2 h5 36. Ra1 Kf7 37. Ra6 Bc7 38. Kd3 Ke7
39. Ke3 Rb8 40. Ra7 Kd7 41. Bc5 Kc6 42. Rxc7+ Kxc7 43. Bd6+ Kb7 44. Bxb8
Kxb8 45. Kd4 Kc7 46. Kc5 { Black resigns } 1-0

[Event "ICC tourney 2399 (75 10)"]
[Site "Internet Chess Club"]
[Date "2021.02.20"]
[Round "1"]
[White "Dking135799"]
[Black "Gukesh"]
[Result "0-1"]
[ICCResult "White resigns"]
[WhiteElo "2251"]
[BlackElo "2667"]
[Opening "QGD: classical variation (5.Bf4)"]
[ECO "D37"]
[NIC "QO.01"]
[Time "11:04:34"]
[PlyCount "94"]
[TimeControl "4500+10"]

1. d4 Nf6 2. Nf3 d5 3. c4 e6 4. Nc3 Be7 5. Bf4 O-O 6. e3 c5 7. dxc5 Bxc5 8.
cxd5 Nxd5 9. Nxd5 exd5 10. Bd3 Bb4+ 11. Nd2 d4 12. Qc2 Qa5 13. exd4 Nc6 14.
Be3 f5 15. O-O f4 16. Nb3 Qh5 17. Bd2 Rf6 18. Rfe1 Bd6 19. Qc4+ Kf8 20. Re5
Nxe5 21. dxe5 Be6 22. Qb5 Qxe5 23. Bb4 Kg8 24. Qxe5 Bxe5 25. Re1 Bxb3 26.
Rxe5 Bxa2 27. h4 Rd8 28. Bc2 Rf7 29. Ra5 Bd5 30. Rxa7 f3 31. g3 b5 32. Ra5
Rc7 33. Bc3 Bc4 34. Be4 Be2 35. Kh2 Rc4 36. Bf5 Ra4 37. Rxa4 bxa4 38. g4
Kf7 39. Bxh7 Bd3 40. Bxd3 Rxd3 41. Be5 Rd5 42. Bc3 Rc5 43. Bd4 Rc4 44. Be5
Rxg4 45. Kh3 Rg2 46. Bg3 Ke6 47. Kg4 Rg1 { White resigns } 0-1

[Event "ICC tourney 2399 (75 10)"]
[Site "Internet Chess Club"]
[Date "2021.02.20"]
[Round "1"]
[White "Blue-Elephant1"]
[Black "hidedozyo"]
[Result "0-1"]
[ICCResult "White resigns"]
[WhiteElo "2117"]
[BlackElo "2327"]
[Opening "QGD: Charousek (Petrosian) variation"]
[ECO "D31"]
[NIC "QO.05"]
[Time "11:04:31"]
[PlyCount "62"]
[TimeControl "4500+10"]

1. d4 d5 2. c4 e6 3. Nc3 Be7 4. cxd5 exd5 5. Bf4 c6 6. e3 Bf5 7. g4 Be6 8.
h3 Nd7 9. Bg2 Nb6 10. Nge2 Nf6 11. Ng3 Nc4 12. Qc2 g6 13. b3 Nd6 14. f3 Nd7
15. Kf2 f5 16. Rae1 O-O 17. g5 h6 18. h4 hxg5 19. hxg5 Nf7 20. Reg1 Kg7 21.
Bf1 Rh8 22. Bd3 Rxh1 23. Rxh1 Bxg5 24. Nce2 Bh4 25. Kg2 Qf6 26. Rf1 Rh8 27.
e4 Bxg3 28. Nxg3 fxe4 29. fxe4 Bh3+ 30. Kf3 Bxf1 31. e5 Ndxe5+ { White
resigns } 0-1

[Event "ICC tourney 2399 (75 10)"]
[Site "Internet Chess Club"]
[Date "2021.02.20"]
[Round "1"]
[White "Assured"]
[Black "SkyAngel"]
[Result "1-0"]
[ICCResult "Black resigns"]
[WhiteElo "2577"]
[BlackElo "2177"]
[Opening "QGD Slav: 4.e3 Bf5"]
[ECO "D12"]
[NIC "SL.01"]
[Time "11:04:30"]
[PlyCount "157"]
[TimeControl "4500+10"]

1. d4 d5 2. c4 c6 3. Nf3 Nf6 4. e3 Bf5 5. Nc3 e6 6. Nh4 Bg6 7. Nxg6 hxg6 8.
Bd3 Bd6 9. h3 Nbd7 10. O-O O-O 11. c5 Bc7 12. b4 e5 13. b5 Qe7 14. Rb1 Rfb8
15. Bd2 Nf8 16. bxc6 bxc6 17. Qa4 Qd7 18. Ne2 Ne6 19. Ba5 Ne8 20. Rb3 Rxb3
21. axb3 Bxa5 22. Qxa5 Rb8 23. b4 Qc7 24. Qa4 exd4 25. exd4 Qb7 26. Rb1
N8c7 27. Qa2 a6 28. Ra1 Ra8 29. Qa5 Rb8 30. Qa2 Ra8 31. h4 Nb5 32. Qb2 Rb8
33. g3 Nbc7 34. Qa2 Ra8 35. Kg2 Nb5 36. Qb2 Rb8 37. Rh1 Nbc7 38. Qa2 Nb5
39. Qa1 Nbc7 40. Rb1 Nb5 41. Qb2 Nbc7 42. Qd2 Nb5 43. Qe3 Re8 44. Bc2 Nec7
45. Qd3 Qc8 46. h5 Qg4 47. Nf4 Ne6 48. Nxe6 Rxe6 49. hxg6 fxg6 50. Rd1 Qe2
51. Qxe2 Rxe2 52. Bxg6 Kf8 53. Rd3 Ke7 54. Re3+ Rxe3 55. fxe3 Nc3 56. Bd3
Na2 57. Bxa6 Nxb4 58. Bc8 Kd8 59. Bf5 Ke7 60. Kf3 Kf6 61. Bb1 Na6 62. e4
dxe4+ 63. Bxe4 Nb8 64. Kf4 Ke6 65. Kg5 Kf7 66. Kf5 Ke7 67. Kg6 Kf8 68. Bf3
Kg8 69. g4 Kf8 70. g5 Kg8 71. Be2 Kf8 72. Bc4 Nd7 73. Be6 Nb8 74. Bc8 Kg8
75. Bb7 Kf8 76. d5 cxd5 77. c6 Nxc6 78. Bxc6 d4 79. Kh7 { Black resigns }
1-0

[Event "ICC tourney 2399 (75 10)"]
[Site "Internet Chess Club"]
[Date "2021.02.20"]
[Round "2"]
[White "hidedozyo"]
[Black "Aleksandrov73"]
[Result "0-1"]
[ICCResult "White resigns"]
[WhiteElo "2327"]
[BlackElo "2629"]
[Opening "Nimzo-Indian: classical variation"]
[ECO "E32"]
[NIC "NI.20"]
[Time "14:31:10"]
[PlyCount "56"]
[TimeControl "4500+10"]

1. d4 Nf6 2. c4 e6 3. Nc3 Bb4 4. Qc2 O-O 5. a3 Bxc3+ 6. Qxc3 b6 7. Bg5 c5
8. dxc5 bxc5 9. Nf3 a5 10. e3 d6 11. Rd1 Ra6 12. Bxf6 Qxf6 13. Qxf6 gxf6
14. g4 Rb6 15. Rd2 Nd7 16. Be2 Bb7 17. Kd1 Rb8 18. Kc1 Kf8 19. Rg1 Ke7 20.
Nh4 d5 21. cxd5 Bxd5 22. Rgd1 c4 23. Rc2 c3 24. bxc3 Bb3 25. Rdd2 Bxc2 26.
Rxc2 Nc5 27. f3 Rb1+ 28. Kd2 Rd8+ { White resigns } 0-1

[Event "ICC tourney 2399 (75 10)"]
[Site "Internet Chess Club"]
[Date "2021.02.20"]
[Round "2"]
[White "SkyAngel"]
[Black "Dking135799"]
[Result "0-1"]
[ICCResult "White resigns"]
[WhiteElo "2177"]
[BlackElo "2251"]
[Opening "Ruy Lopez: closed defense"]
[ECO "C84"]
[NIC "RL.13"]
[Time "14:31:06"]
[PlyCount "80"]
[TimeControl "4500+10"]

1. e4 e5 2. Nf3 Nc6 3. Bb5 Nf6 4. O-O a6 5. Ba4 Be7 6. d3 b5 7. Bb3 d6 8.
a3 O-O 9. Nc3 Be6 10. Nd5 Na5 11. Ba2 c6 12. Nxf6+ Bxf6 13. Bxe6 fxe6 14.
Be3 c5 15. b4 cxb4 16. axb4 Nc6 17. c3 Qc7 18. Qb3 Qf7 19. Ra2 Rfc8 20.
Rfa1 Nb8 21. Ra5 Qd7 22. Rxb5 Bd8 23. Ng5 d5 24. Rc5 Rxc5 25. bxc5 Bxg5 26.
Bxg5 a5 27. exd5 exd5 28. d4 a4 29. Qc2 Qb5 30. Rb1 Qc6 31. Rb6 Qe8 32. Qa2
Nd7 33. Qxd5+ Kh8 34. Rb1 a3 35. h4 a2 36. Ra1 Qb8 37. Bc1 Nf6 38. Qc6 exd4
39. cxd4 Ra7 40. Qe6 Qb1 { White resigns } 0-1

[Event "ICC tourney 2399 (75 10)"]
[Site "Internet Chess Club"]
[Date "2021.02.20"]
[Round "2"]
[White "Openyagami"]
[Black "BranKing"]
[Result "1-0"]
[ICCResult "Black checkmated"]
[WhiteElo "2601"]
[BlackElo "2061"]
[Opening "English: Anglo-Dutch defense"]
[ECO "A10"]
[NIC "HD.14"]
[Time "14:31:44"]
[PlyCount "113"]
[TimeControl "4500+10"]

1. c4 f5 2. g3 Nf6 3. Bg2 d6 4. d3 e5 5. Nc3 Be7 6. e4 Nc6 7. Nge2 O-O 8.
O-O Qe8 9. Nd5 Bd8 10. Bg5 Qf7 11. exf5 Bxf5 12. f4 Qd7 13. d4 Nxd5 14.
Bxd5+ Kh8 15. Bxd8 Raxd8 16. Qd2 Bg4 17. Bf3 Bxf3 18. Rxf3 exd4 19. Nxd4
Nxd4 20. Qxd4 Qc6 21. Re3 Rfe8 22. Rae1 Rxe3 23. Rxe3 Re8 24. Qxa7 Rxe3 25.
Qxe3 h6 26. b3 d5 27. cxd5 Qxd5 28. a4 Qd1+ 29. Kg2 Qd5+ 30. Qf3 Qd2+ 31.
Kh3 c6 32. Qe4 Qd7+ 33. f5 Qd1 34. Qe8+ Kh7 35. Qg6+ Kg8 36. f6 Qf1+ 37.
Kh4 Qxf6+ 38. Qxf6 gxf6 39. Kg4 Kf7 40. Kf5 b6 41. g4 c5 42. h3 Kg7 43. h4
Kf7 44. h5 Ke7 45. Kg6 Ke6 46. Kxh6 Ke5 47. Kg6 Kd4 48. h6 Kc3 49. h7 Kxb3
50. h8=Q Kxa4 51. Qxf6 b5 52. Kh7 c4 53. g5 b4 54. g6 c3 55. g7 c2 56. g8=Q
c1=Q 57. Qa6# { Black checkmated } 1-0

[Event "ICC tourney 2399 (75 10)"]
[Site "Internet Chess Club"]
[Date "2021.02.20"]
[Round "2"]
[White "mhebden"]
[Black "PawnEatingZombi"]
[Result "1-0"]
[ICCResult "Black resigns"]
[WhiteElo "2503"]
[BlackElo "2200"]
[Opening "Queen's pawn game"]
[ECO "D02"]
[NIC "QP.08"]
[Time "14:31:12"]
[PlyCount "101"]
[TimeControl "4500+10"]

1. d4 d5 2. Nf3 e6 3. c4 dxc4 4. e3 b5 5. a4 c6 6. Be2 Nf6 7. O-O Bb7 8. b3
a5 9. Ne5 Nbd7 10. axb5 cxb5 11. bxc4 bxc4 12. Nxc4 Bb4 13. Ba3 O-O 14.
Nbd2 Nd5 15. Bf3 Nc3 16. Qb3 Bxf3 17. Nxf3 Qb8 18. Bxb4 Qxb4 19. Nxa5 Qxb3
20. Nxb3 Rfb8 21. Nbd2 h6 22. h3 g5 23. Nc4 Kg7 24. Nfe5 Nxe5 25. Nxe5 f6
26. Nd3 f5 27. g4 f4 28. Rae1 Ra2 29. exf4 Ne2+ 30. Kg2 gxf4 31. Nc5 f3+
32. Kh2 Re8 33. Rd1 e5 34. d5 Rc2 35. Ne4 Rd8 36. Rfe1 Kg6 37. Rd3 Nd4 38.
d6 Re2 39. Re3 Rxe1 40. Rxe1 h5 41. Kg3 hxg4 42. hxg4 Kf7 43. Re3 Rg8 44.
Ra3 Ke6 45. Ra7 Rf8 46. Re7+ Kd5 47. d7 Ne2+ 48. Kh4 Rd8 49. Re8 Rxd7 50.
Nf6+ Kd6 51. Nxd7 { Black resigns } 1-0

[Event "ICC tourney 2399 (75 10)"]
[Site "Internet Chess Club"]
[Date "2021.02.20"]
[Round "2"]
[White "tirantes"]
[Black "savchess06"]
[Result "1/2-1/2"]
[ICCResult "Game drawn by mutual agreement"]
[WhiteElo "2422"]
[BlackElo "2096"]
[Opening "Nimzo-Indian: Fischer variation"]
[ECO "E43"]
[NIC "NI.12"]
[Time "14:31:09"]
[PlyCount "85"]
[TimeControl "4500+10"]

1. c4 Nf6 2. Nc3 e6 3. d4 Bb4 4. e3 b6 5. Bd2 Bb7 6. Nf3 Bxc3 7. Bxc3 Ne4
8. Rc1 d6 9. Bd3 O-O 10. O-O f5 11. Be1 Nd7 12. Nd2 Nxd2 13. Qxd2 e5 14. f3
Qe7 15. Bg3 e4 16. fxe4 Bxe4 17. Bxe4 Qxe4 18. Rf4 Qe6 19. Qd3 Rae8 20. Re1
d5 21. b3 c5 22. Rff1 g6 23. h3 Nf6 24. dxc5 dxc4 25. Qxc4 Qxc4 26. bxc4
Ne4 27. Bd6 Rf6 28. Rd1 bxc5 29. Bf4 Ra6 30. Rd7 Nc3 31. Rf2 Rxa2 32. Rxa2
Nxa2 33. Rxa7 Nc3 34. Bh6 Ne4 35. Rg7+ Kh8 36. Rc7 Kg8 37. Kh2 Nd6 38. Rxc5
Re4 39. Rc7 Nxc4 40. Rg7+ Kh8 41. Rd7 Re8 42. Kg1 Nxe3 43. Bg5 { Game drawn
by mutual agreement } 1/2-1/2

[Event "ICC tourney 2399 (75 10)"]
[Site "Internet Chess Club"]
[Date "2021.02.20"]
[Round "2"]
[White "BlueJay01"]
[Black "ChessKidA8"]
[Result "0-1"]
[ICCResult "White resigns"]
[WhiteElo "2100"]
[BlackElo "2207"]
[Opening "English opening"]
[ECO "A13"]
[NIC "RE.11"]
[Time "14:31:09"]
[PlyCount "70"]
[TimeControl "4500+10"]

1. c4 e6 2. g3 Nf6 3. Bg2 d5 4. Nf3 c6 5. b3 Nbd7 6. Bb2 Bd6 7. d4 b6 8.
O-O O-O 9. Nbd2 Bb7 10. Re1 Ne4 11. Nxe4 dxe4 12. Nd2 f5 13. a3 h5 14. f3
e3 15. Nf1 f4 16. gxf4 Bxf4 17. Bc1 Qg5 18. Qd3 Rf6 19. h4 Qxh4 20. Bxe3 e5
21. Bxf4 exf4 22. e4 Qg5 23. Ra2 h4 24. Kh1 h3 25. Bxh3 Qh4 26. Rh2 Qxe1
27. Bxd7 Rd6 28. Bg4 g6 29. e5 Qxe5 30. Qxg6+ Rxg6 31. dxe5 c5 32. Rg2 Rd8
33. e6 Kf8 34. Re2 Ke7 35. Kh2 Rh8+ { White resigns } 0-1

[Event "ICC tourney 2399 (75 10)"]
[Site "Internet Chess Club"]
[Date "2021.02.20"]
[Round "2"]
[White "Volkov"]
[Black "josuevm"]
[Result "1-0"]
[ICCResult "Black forfeits on time"]
[WhiteElo "2607"]
[BlackElo "2272"]
[Opening "Nimzo-Indian: Kmoch variation"]
[ECO "E20"]
[NIC "NI.30"]
[Time "14:32:01"]
[PlyCount "83"]
[TimeControl "4500+10"]

1. d4 Nf6 2. c4 e6 3. Nc3 Bb4 4. f3 d5 5. a3 Bxc3+ 6. bxc3 O-O 7. cxd5 exd5
8. e3 b6 9. Ra2 c5 10. g4 Re8 11. Rg2 Ba6 12. Bxa6 Nxa6 13. Ne2 Nc7 14. O-O
Re7 15. Ng3 Rd7 16. h4 Nb5 17. Qd3 Nd6 18. g5 Nfe8 19. e4 cxd4 20. cxd4 Rc8
21. e5 Rdc7 22. Bd2 Nc4 23. f4 Nxd2 24. Qxd2 Qd7 25. f5 Qa4 26. Qf4 Qxa3
27. h5 Rc1 28. g6 Rxf1+ 29. Nxf1 Qc1 30. Qf3 Qc4 31. Rg4 Rc7 32. h6 fxg6
33. fxg6 hxg6 34. h7+ Kxh7 35. Qf8 g5 36. Qxe8 Qd3 37. Qh5+ Kg8 38. Qxg5
Rf7 39. Ng3 Qf3 40. Kh2 Qf2+ 41. Kh3 Qf3 42. e6 { Black forfeits on time }
1-0

[Event "ICC tourney 2399 (75 10)"]
[Site "Internet Chess Club"]
[Date "2021.02.20"]
[Round "2"]
[White "e4f5"]
[Black "sriramk"]
[Result "1-0"]
[ICCResult "Black resigns"]
[WhiteElo "2293"]
[BlackElo "2172"]
[Opening "Ruy Lopez: Anderssen variation"]
[ECO "C77"]
[NIC "RL.12"]
[Time "14:31:42"]
[PlyCount "85"]
[TimeControl "4500+10"]

1. e4 e5 2. Nf3 Nc6 3. Bb5 a6 4. Ba4 Nf6 5. d3 b5 6. Bb3 Be7 7. O-O Bb7 8.
Re1 d6 9. c3 O-O 10. Nbd2 Na5 11. Bc2 c5 12. Nf1 Re8 13. d4 cxd4 14. cxd4
Bf8 15. d5 Nc4 16. a4 g6 17. Bd3 Qd7 18. a5 Qd8 19. Qb3 Qc8 20. Qc3 Nd7 21.
b3 Ncb6 22. Qd2 Nc5 23. axb6 Nxb3 24. Qb2 Nxa1 25. Qxa1 Qd7 26. Qa5 Rac8
27. Be3 f5 28. Ng5 f4 29. Bd2 Be7 30. Ne6 h5 31. g3 g5 32. Be2 Rc2 33. Bxh5
Rec8 34. Qa3 Bf6 35. Qf3 Qh7 36. Qg4 fxg3 37. fxg3 Bxd5 38. exd5 R8c4 39.
Nxg5 Qg7 40. Qe6+ Kh8 41. Qe8+ Qg8 42. Qxg8+ Kxg8 43. b7 { Black resigns }
1-0

[Event "ICC tourney 2399 (75 10)"]
[Site "Internet Chess Club"]
[Date "2021.02.20"]
[Round "2"]
[White "WonderZ"]
[Black "Assured"]
[Result "0-1"]
[ICCResult "White resigns"]
[WhiteElo "2053"]
[BlackElo "2577"]
[Opening "Trompowsky attack (Ruth, Opocenský opening)"]
[ECO "A45"]
[NIC "QP.07"]
[Time "14:31:08"]
[PlyCount "118"]
[TimeControl "4500+10"]

1. d4 Nf6 2. Bg5 e6 3. e4 h6 4. Bxf6 Qxf6 5. Nc3 d6 6. Qd2 c6 7. f4 e5 8.
dxe5 dxe5 9. f5 Qd6 10. Nf3 Qxd2+ 11. Kxd2 Bd6 12. Bc4 b5 13. Nxb5 cxb5 14.
Bd5 Nd7 15. Bxa8 Ke7 16. Bc6 Nf6 17. Rad1 Ba6 18. Rhe1 Rc8 19. Bd5 Nxd5 20.
exd5 Kf6 21. g4 Rc4 22. Kc1 Rxg4 23. Nxe5 Bxe5 24. d6 Bc8 25. d7 Bf4+ 26.
Kb1 Bxd7 27. Rxd7 Bxh2 28. Rxa7 h5 29. a4 bxa4 30. Ree7 Be5 31. Rxf7+ Kg5
32. Ra8 h4 33. Rh8 Rb4 34. Ka2 Rxb2+ 35. Ka3 Rxc2 36. Kxa4 Bf6 37. Kb4 Rc6
38. Rh7 Kg4 39. Kb5 Rc2 40. Rf8 Rf2 41. Kc4 Rxf5 42. Kd3 Re5 43. Rfh8 Kg3
44. Rg8 Rg5 45. Ke2 Rg4 46. Ra8 Re4+ 47. Kd3 Re1 48. Kd2 Re6 49. Ra3+ Kg2
50. Rd3 Bg5+ 51. Kd1 Bh6 52. Rh8 h3 53. Ra8 Re3 54. Ra2+ Kg3 55. Rxe3+ Bxe3
56. Ra3 Kf3 57. Ra5 h2 58. Rh5 Kg2 59. Ke2 Bf4 { White resigns } 0-1